 Dungeon Crawl Stone Soup version 0.30-a0-715-gdb4ae3ece1 (webtiles) character file.

Game seed: 4536949748659066800

91 mopl the Sneak (level 4, -3/24 HPs)
             Began as a Kobold Enchanter on Jan 23, 2023.
             Slain by Natasha (8 damage)
             ... on level 2 of the Dungeon.
             The game lasted 00:05:20 (2332 turns).

mopl the Sneak (Kobold Enchanter)                   Turns: 2332, Time: 00:05:21

Health: -3/24      AC:  7    Str:  5    XL:     4   Next: 88%
Magic:  8/8        EV: 15    Int: 18    God:
Gold:   189        SH:  0    Dex: 15    Spells: 0/8 levels left

rFire   . . .      SeeInvis .    b - +1 short sword (freeze)
rCold   . . .      Faith    .    (no shield)
rNeg    . . .      Spirit   .    n - +0 robe
rPois   .          Reflect  .    (no helmet)
rElec   .          Harm     .    (no cloak)
rCorr   .          Rampage  ∞    e - +0 pair of gloves
Will    .....                    k - +3 pair of seven-league boots {Rampage+∞}
Stlth   ++++                     (no amulet)
HPRegen 0.24/turn                (no ring)
MPRegen 0.11/turn                (no ring)

@: slowed, very slow
A: small, no large weapons, nightstalker 3
a: no special abilities


You were on level 2 of the Dungeon.
You visited 1 branch of the dungeon, and saw 4 of its levels.

You collected 189 gold pieces.

Inventory:

Hand Weapons
 a - a +1 dagger
 b - a +1 short sword of freezing (weapon)
Missiles
 d - 2 poisoned darts
 l - a throwing net
Armour
 e - a +0 pair of gloves (worn)
 k - the +3 pair of seven-league boots (worn) {Rampage+∞}
   (You found it on level 3 of the Dungeon)

   Rampage+∞: When moving toward enemies, its wearer moves as far as possible.
 n - a +0 robe (worn)
Scrolls
 f - a scroll of enchant weapon {unknown}
 j - a scroll of identify
 m - a scroll of blinking {unknown}
 p - 4 scrolls of teleportation {unknown}
Potions
 c - 2 potions of invisibility
 g - a potion of cancellation
 h - 2 potions of curing
 o - a potion of ambrosia


   Skills:
 + Level 2.5 Short Blades
 - Level 2.4 Dodging
 + Level 4.8 Stealth
 + Level 2.8 Spellcasting
 * Level 3.8 Hexes
 + Level 1.1 Ice Magic


You couldn't memorise any spells.
You knew the following spells:

 Your Spells              Type           Power      Damage    Failure   Level
b - Ensorcelled Hibernat  Hex/Ice        22%        N/A       9%          2
c - Confusing Touch       Hex            16%        N/A       11%         3
d - Tukima's Dance        Hex            16%        N/A       11%         3

Your spell library contained the following spells:

 Spells                   Type           Power      Damage    Failure   Level
 Apportation              Tloc           4%         N/A       17%         1
 Necrotise                Necr           8%         1d4       17%         1
 Sandblast                Erth           4%         2d4       17%         1
 Summon Small Mammal      Summ           8%         N/A       17%         1
 Dazzling Flash           Conj/Hex       18%        N/A       22%         3
 Passwall                 Tmut/Erth      1%         N/A       26%         2
 Stone Arrow              Conj/Erth      4%         3d7       45%         3


Dungeon Overview and Level Annotations

Branches:
Dungeon (4/15)
 Temple: D:4-7

Altars:
Cheibriados
Trog

Shops:
D:3 :   D:4 :

Annotations:
D:2 Natasha


Innate Abilities, Weirdness & Mutations

You are small and have problems with some larger weapons.
You are completely attuned to the shadows.


Message History

You hit Natasha but do no damage.
Natasha is moderately wounded.
Natasha casts a spell.
You hit Natasha. You freeze Natasha.
Natasha is severely wounded.
Natasha closely misses you.
You hit Natasha. You freeze Natasha.
Natasha is almost dead.
Natasha misses you.
You barely miss Natasha.
Natasha is almost dead.
The white imp hits you but does no damage.
Natasha mewls in sadness.
Natasha barely misses you.
You hit Natasha but do no damage.
Natasha is almost dead.
The white imp closely misses you. Natasha casts a spell at you.
You feel yourself slow down.
You closely miss Natasha.
Natasha is almost dead.
The white imp barely misses you. Natasha casts a spell at you.
You feel as though you will be slow longer.
You closely miss Natasha. Your punch misses Natasha.
Natasha is almost dead.
The white imp misses you. Natasha claws you! The white imp gestures at you.
The puff of frost hits you!
* * * LOW HITPOINT WARNING * * *
You closely miss Natasha.
Natasha is almost dead.
Natasha closely misses you. The white imp barely misses you.
Natasha closely misses you.
Unknown command.
You closely miss Natasha.
Natasha is almost dead.
The white imp gestures at you. The puff of frost misses you. Natasha claws you!
You die...

#...[# #.....
##....# #>....
#.....# #.....
#.....# #)....
.##+####.###.#
#.....
......##.#
#.###.....
<.....##.#
#.........
......'..#
#####.....
....@.####
######
#..h5..... ###
#......##. #..
......^.# #.#
####.#### #.#
#.# #.# #.#
#(#


You could see Natasha and a white imp (summoned).

Vanquished Creatures
  2 adders
  4 worms
  2 dart slugs
  An orc (D:3)
  8 endoplasms
  3 giant cockroaches
  3 goblins
  4 hobgoblins
  6 kobolds
  2 quokkas
  5 ball pythons
  5 bats
  10 frilled lizards
  3 rats
58 creatures vanquished.

Notes
Turn   | Place    | Note
-------+----------+-------------------------------------------
     0 | D:1      | mopl the Kobold Enchanter began the quest for the Orb.
     0 | D:1      | Reached XP level 1. HP: 10/10 MP: 3/3
   121 | D:1      | Reached XP level 2. HP: 15/15 MP: 5/5
   135 | D:1      | Learned a level 2 spell: Ensorcelled Hibernation
   943 | D:1      | Reached skill level 2 in Short Blades
  1117 | D:2      | You fall into a shaft and drop 2 floors!
  1126 | D:4      | Found Awuowiez's Book Emporium.
  1175 | D:3      | Reached XP level 3. HP: 7/19 MP: 1/6
  1262 | D:3      | Learned a level 3 spell: Confusing Touch
  1291 | D:3      | Found the +3 pair of seven-league boots {Rampage+∞}
  1528 | D:3      | Reached XP level 4. HP: 23/24 MP: 4/7
  1560 | D:3      | Found a bloodstained altar of Trog.
  1584 | D:3      | Learned a level 3 spell: Tukima's Dance
  1669 | D:3      | Reached skill level 1 in Ice Magic
  1998 | D:3      | Found a snail-covered altar of Cheibriados.
  2319 | D:2      | Noticed Natasha
  2332 | D:2      | Slain by Natasha

Illustrated notes

Levels and vault maps discovered:
D:1:      scummos_arrival_gate, layout_loops_corners
D:2:      layout_basic, minmay_lizard_pond, uniq_natasha
D:3:      layout_basic, old_standard_altar, trog_hazing_becter
D:4:      layout_cave_pools, minmay_temple_entry_stoned_glass, serial_shops,
          nicolae_shop_statue_plus, shop, nicolae_lakefront_shop,
          nicolae_shop_advertising_works [nicolae_subvault_shop_adworks],
          nicolae_shop_statue_plus, uniq_eustachio

Skill      XL: |  1  2  3  4 |
---------------+-------------+-----
Short Blades   | 2 |  2.5
Ice Magic      | 1 |  1.1
Dodging        | |  2.4
Stealth        | |  4.8
Spellcasting   | |  2.8
Hexes          | |  3.8

Action                     |  1- 3 |  4- 6 || total
---------------------------+-------+-------++-------
  Melee: Dagger            |    93 |    53 ||   146
         Punch             |     2 |     1 ||     3
         Short sword       |       |    46 ||    46
  Throw: Dart              |     3 |       ||     3
   Cast: Ensorcelled Hiber |     9 |     5 ||    14
    Use: Scroll            |     2 |     3 ||     5
   Stab: Sleeping          |    10 |     7 ||    17
         Distracted        |     1 |     1 ||     2
 Armour: Robe              |    14 |    14 ||    28
  Dodge: Dodged            |    74 |    47 ||   121

Table legend: (Time is in decaauts)
 A = Elapsed time spent in this place.
 B = Non-inter-level travel time spent in this place.
 C = Inter-level travel time spent in this place.
 D = Time resting spent in this place.
 E = Time spent auto-exploring this place.
 F = Levels seen in this place.
 G = Mean time per level.
                   A        B        C        D        E       F      G
               +--------+--------+--------+--------+--------+-----+--------+
         Total |   2312 |   2268 |     44 |    150 |   1570 |   4 |  578.0 |
       Dungeon |   2312 |   2268 |     44 |    150 |   1570 |   4 |  578.0 |
               +--------+--------+--------+--------+--------+-----+--------+

Top non-repeatable levels by time:
     D:1: 1114 daAuts
     D:3: 750 daAuts
     D:2: 428 daAuts
     D:4: 20 daAuts
